 Dungeon Crawl Stone Soup version 0.14-a0-2080-ge317583 (webtiles) character file.

180 Jenx the Fey Demonspawn (level 3, -4/27 HPs)
             Began as a Demonspawn Death Knight on Jan 24, 2014.
             Was a Believer of Yredelemnul.
             Killed by divine providence
             ... invoked by an orc priest
              (10 damage)
             ... on Level 3 of the Dungeon.
             The game lasted 00:07:34 (1919 turns).

Jenx the Fey Demonspawn (Demonspawn Death Knight)   Turns: 1919, Time: 00:07:35

HP  -4/27        AC  9     Str 13      XL: 3   Next: 82%
MP   0/5         EV  5     Int 13      God: Yredelemnul [**....]
Gold 120         SH  0     Dex 12      Spells:  0 memorised,  2 levels left

rFire  . . .     SeeInvis .     a - +1 spear
rCold  . . .     Clarity  .     e - +0 chain mail
rNeg   . . .     Conserve .     (no shield)
rPois  .         rCorr    .     (no helmet)
rElec  .         rRot     .     (no cloak)
SustAb . .       Spirit   +     h - +0 pair of gloves
rMut   .         Warding  .     (no boots)
Saprov . . .     Stasis   .     (no amulet)
MR     .....                    (no ring)
                                (no ring)

@: not resistant to hostile enchantments, extremely unstealthy
A: magic shield
a: Animate Remains, Recall Undead Slaves, Injury Mirror, Renounce Religion


You were on level 3 of the Dungeon.
You worshipped Yredelemnul.
Yredelemnul was pleased with you.
You were not hungry.

You visited 1 branch of the dungeon, and saw 3 of its levels.

You collected 120 gold pieces.

Inventory:

Hand weapons
 a - a +1,+1 spear (weapon)
 l - a +2,+1 scimitar of protection
Armour
 e - a +0 chain mail (worn)
 h - a +0 pair of gloves (worn)
Comestibles
 c - a bread ration
 n - a choko
 o - 2 rotting chunks of jackal flesh
 p - 2 rotting chunks of jackal flesh
 r - a rotting chunk of giant gecko flesh
Scrolls
 b - a scroll of teleportation {unknown}
 d - 2 scrolls of random uselessness {unknown}
 f - a scroll of remove curse {unknown}
 g - 3 scrolls of recharging {unknown}
 i - 3 scrolls of identify {unknown}
 k - a scroll of curse jewellery {unknown}
 m - a scroll of enchant weapon I {unknown}
 q - a scroll of amnesia {unknown}
 s - a scroll of curse weapon {unknown}
Potions
 j - a potion of curing {unknown}


   Skills:
 - Level 2.0 Fighting
 + Level 3.5 Polearms
 - Level 0.8 Armour
 - Level 0.8 Dodging
 + Level 4.1 Invocations


You had 2 spell levels left.
You didn't know any spells.

Dungeon Overview and Level Annotations

Branches:
Dungeon (3/16)

Altars:


Innate Abilities, Weirdness & Mutations

When hurt, damage is shared between your health and your magic reserves.


Message History

An orc comes into view. It is wielding an orcish mace.
What do you say? t - Shout!
Orders for allies: a - Attack new target. r - Retreat! s - Stop attacking. w - Wait here. f - Follow me.
Anything else - Stay silent.
Gang up on whom?
Press: ? - help, Dir - move target cursor, f - orc priest
Aim: an orc priest Attack!
The orc priest mumbles some strange prayers to Beogh against you.
Something smites you!
* * * LOW HITPOINT WARNING * * *
The giant gecko bites your orc zombie. The giant gecko bites your orc zombie.
The orc priest calls down the wrath of Beogh upon you.
Something smites you!
You die...
Your body rises from the dead as a mindless zombie.

#.#
#.###..........
#># #.......#
#.# #####.#.#
#.# #.#.# #.#
#.#.# #.# #.#.#
#.#
#######.#.###
#.#
#...........#
#.#
.##..@zz.#.#
#<# #.##.###.#
#.# # #...# #
#.# #...... #.#
#z.o#)## #.#
.ol.. .# #.#


oo..oo . #.# ....... #.# ....... You could see an orc priest, 4 orcs, a giant
gecko and 3 friendly orc zombies.

Vanquished Creatures
  An adder (D:2)
  A worm (D:2)
  A giant gecko (D:2)
  An ooze (D:1)
  5 orcs (D:3)
  4 bats (D:1)
  A giant cockroach (D:2)
  3 hobgoblins (D:1)
  2 jackals (D:2)
  A quokka (D:2)
  2 giant newts
  3 goblins
  7 kobolds
  2 rats (D:1)
34 creatures vanquished.

Vanquished Creatures (collateral kills)
  A jackal (D:2)
  A bat (D:1)
2 creatures vanquished.

Vanquished Creatures (others)
  A kobold zombie (D:1)
1 creature vanquished.

Grand Total: 37 creatures vanquished

Notes
Turn   | Place    | Note
--------------------------------------------------------------
     0 | D:1      | Jenx, the Demonspawn Death Knight, began the quest for the Orb.
     0 | D:1      | Reached XP level 1. HP: 16/16 MP: 2/2
   435 | D:1      | Gained mutation: When hurt, damage is shared between your health and your magic reserves. [demonic ancestry]
   435 | D:1      | Reached XP level 2. HP: 15/22 MP: 4/4
  1303 | D:2      | Reached XP level 3. HP: 17/27 MP: 5/5
  1643 | D:2      | Acquired Yredelemnul's second power
  1800 | D:3      | Reached skill level 4 in Invocations
  1919 | D:3      | Killed from afar by an orc priest

Action                   || total
-------------------------++-------
Melee: Spear             ||   161
Invok: Animate Remains   ||     7
       Recall Undead Sla ||     1
